 Dungeon Crawl Stone Soup version 0.27.0-1-g7a089689b8 (webtiles) character file.

Game seed: 5836130130098567488

83 SnakkuSnakku7 the Caller (level 4, 0/33 HPs)
             Began as a Demigod Summoner on Aug 2, 2021.
             Slain by Natasha (3 damage)
             ... on level 2 of the Dungeon.
             The game lasted 00:03:11 (4281 turns).

SnakkuSnakku7 the Caller (Demigod Summoner)         Turns: 4281, Time: 00:03:11

Health: 0/33       AC:  7    Str:  9    XL:     4   Next: 2%
Magic:  9/9        EV: 18    Int: 21    God:
Gold:   63         SH:  0    Dex: 14    Spells: 2/6 levels left

rFire    + + .     SeeInvis .   (weapon currently unavailable)
rCold    + + .     Faith    .   (shield currently unavailable)
rNeg     + + +     Spirit   .   (armour currently unavailable)
rPois    ∞         Reflect  .   (helmet currently unavailable)
rElec    +         Harm     .   (cloak currently unavailable)
rCorr    +         Rampage  .   (gloves currently unavailable)
Will     .....                  (boots currently unavailable)
Stlth    ++........             (amulet currently unavailable)
HPRegen  0.11/turn              (ring currently unavailable)
MPRegen  0.11/turn              (ring currently unavailable)

@: wisp-form (expiring), flying
A: insubstial, flying, no casting, tiny, high mp 1, forlorn
a: no special abilities


You were on level 2 of the Dungeon.
You were an insubstantial wisp.
You visited 1 branch of the dungeon, and saw 2 of its levels.

You collected 63 gold pieces.

Inventory:

Hand Weapons
 b - a +0 club
 g - a +0 mace (melded)
Armour
 a - a +0 robe (melded)
 e - a +0 chain mail
Scrolls
 c - a scroll of teleportation {unknown}
 d - a scroll of torment {unknown}
Potions
 f - a potion of mutation {unknown}
 h - a potion of curing {unknown}
 i - a potion of heal wounds {unknown}


   Skills:
 - Level 1.7 Dodging
 - Level 1.7 Stealth
 - Level 1.7 Spellcasting
 + Level 5.2 Summonings


You had 2 spell levels left.
You knew the following spells:

 Your Spells              Type           Power      Damage    Failure   Level
a - Summon Small Mammal   Summ           96%        N/A       1%          1
z - Call Canine Familiar  Summ           24%        N/A       5%          3

Your spell library contained the following spells:

 Spells                   Type           Power      Damage    Failure   Level
 Call Imp                 Summ           24%        N/A       2%          2
 Ensorcelled Hibernation  Hex/Ice        2%         N/A       22%         2
 Summon Guardian Golem    Hex/Summ       12%        N/A       16%         3
 Spider Form              Tmut/Pois      0%         N/A       41%         3
 Summon Lightning Spire   Summ/Air       12%        N/A       45%         4
 Shadow Creatures         Summ           N/A        N/A       95%         6


Dungeon Overview and Level Annotations

Branches:
Dungeon (2/15)

Annotations:
D:2 Natasha


Innate Abilities, Weirdness & Mutations

You are an insubstantial wisp.
Your tiny insubstantial body is highly resistant to most damage types.
You are flying.
Your equipment is entirely melded.
You are incapable of wielding weapons or throwing items.
You cannot cast spells.
Your attributes grow dramatically as you level up.
You have an increased reservoir of magic. (+10% MP)
You shall have no god before yourself.


Message History

The hobgoblin hits you.
You barely miss the hobgoblin.
The hobgoblin is almost dead.
You touch the hobgoblin.
You kill the hobgoblin!
Natasha casts a spell at you. The magic dart hits you.
Natasha completely misses you.
You see here a hobgoblin corpse.
You touch Natasha.
Natasha is moderately wounded.
Natasha barely misses you.
You barely miss Natasha.
Natasha is moderately wounded.
Natasha zaps a wand.
You resist with some effort.
You touch Natasha.
Natasha is heavily wounded.
Natasha claws you.
You touch Natasha.
Natasha is heavily wounded.
The rat misses you. Natasha claws you but does no damage.
You touch Natasha.
Natasha is almost dead.
The rat closely misses you. Natasha casts a spell at you.
The magic dart hits you!
* * * LOW HITPOINT WARNING * * *
You touch Natasha but do no damage.
Natasha is almost dead.
The rat bites you but does no damage.
Unknown command.
You touch Natasha.
Natasha is almost dead.
Natasha barely misses you. The rat closely misses you.
Unknown command.
You touch Natasha but do no damage.
Natasha is almost dead.
Your transformation is almost over.
Natasha claws you.
You die...

#.#.#####.#....#...#.#
#....####.#.###..###..
##........†..# #.......
.....####.####........ #
.$#.##......#..#####.
#.###.#......##.#.. #.
#...[:#.##.### #.. #.
#((†.h#.# #. ##.
#.###v#.# #.#..####.<
#....r#.# #........#.
#...........####..##.###
#.#.........# # #.## #
#.............. #..###
###.........### #.#.#.
#.........# #.#>.#
#.........# #....#
#.........# #.#.#.


You could see Natasha and a rat.

Vanquished Creatures
  4 dart slugs
  4 bats
  5 endoplasms
  A giant cockroach (D:2)
  3 hobgoblins
  2 jackals (D:1)
  A kobold (D:1)
  3 quokkas (D:1)
  2 ball pythons (D:2)
  A frilled lizard (D:1)
  6 goblins (D:1)
  5 rats
37 creatures vanquished.

Vanquished Creatures (collateral kills)
  Natasha (twice) (D:2)
  A worm (D:2)
  2 bats (D:1)
  An endoplasm (D:1)
  3 quokkas
  A rat (D:1)
10 creatures vanquished.

Grand Total: 47 creatures vanquished

Notes
Turn   | Place    | Note
-------+----------+-------------------------------------------
     0 | D:1      | SnakkuSnakku7 the Demigod Summoner began the quest for the
                  | Orb.
     0 | D:1      | Reached XP level 1. HP: 14/14 MP: 5/5
   164 | D:1      | Reached skill level 4 in Summonings
   545 | D:1      | Reached XP level 2. HP: 10/20 MP: 7/7
  2282 | D:1      | Reached XP level 3. HP: 10/26 MP: 6/8
  2476 | D:1      | Learned a level 3 spell: Call Canine Familiar
  3647 | D:2      | Noticed Natasha
  3812 | D:2      | Killed Natasha
  3813 | D:2      | Reached skill level 5 in Summonings
  4078 | D:2      | Noticed Natasha
  4087 | D:2      | Killed Natasha
  4256 | D:2      | Reached XP level 4. HP: 24/33 MP: 9/9
  4264 | D:2      | Noticed Natasha
  4281 | D:2      | Slain by Natasha

Illustrated notes

Levels and vault maps discovered:
D:1:      scummos_arrival_star, layout_basic, chequers_ecumenical_altar_simple
D:2:      layout_loops_ring, basic_altar, minmay_tromino_i4, uniq_natasha,
          uniq_sigmund

Skill      XL: |  1  2  3 |
---------------+----------+-----
Summonings     | 4 5 |  5.2
Dodging        | |  1.7
Stealth        | |  1.7
Spellcasting   | |  1.7

Action                   |  1- 3 |  4- 6 || total
-------------------------+-------+-------++-------
Melee: Club              |   205 |       ||   205
       Unarmed           |     3 |    13 ||    16
       Mace              |    21 |     8 ||    29
 Cast: Summon Small Mamm |    21 |       ||    21
 Stab: Sleeping          |     9 |       ||     9
       Distracted        |     1 |       ||     1
Armor: Robe              |    65 |     1 ||    66
       Skin              |       |     2 ||     2
Dodge: Dodged            |   191 |    13 ||   204
